 Dungeon Crawl Stone Soup version 0.30-a0-782-ge64f9170bb (webtiles) character file.

Game seed: 12677078180696398075

72 Anon1729 the Chopper (level 4, -15/40 HPs)
             Began as a Minotaur Monk on Feb 19, 2023.
             Demolished by an ogre
             ... wielding a +0 giant club
              (30 damage)
             ... on level 4 of the Dungeon.
             The game lasted 00:01:31 (1729 turns).

Anon1729 the Chopper (Minotaur Monk)                Turns: 1729, Time: 00:01:32

Health: -15/40     AC:  4    Str: 18    XL:     4   Next: 6%
Magic:  3/3        EV: 12    Int:  7    God:
Gold:   141        SH:  0    Dex: 12    Spells: 3/3 levels left

rFire   + . .      SeeInvis .    a - +0 hand axe
rCold   . . .      Faith    .    (no shield)
rNeg    . . .      Spirit   .    v - +0 leather armour
rPois   .          Reflect  .    (helmet restricted)
rElec   .          Harm     .    s - +0 cloak
rCorr   .          Rampage  .    (no gloves)
Will    .....                    (no boots)
Stlth   ++                       (no amulet)
HPRegen 0.26/turn                h - ring of protection from fire
MPRegen 0.08/turn                (no ring)

@: no status effects
A: horns 2, retaliatory headbutt
a: no special abilities


You were on level 4 of the Dungeon.
You visited 1 branch of the dungeon, and saw 4 of its levels.

You collected 141 gold pieces.

Inventory:

Hand Weapons
 a - a +0 hand axe (weapon)
Armour
 b - a +0 robe
 s - a +0 cloak (worn)
 v - a +0 leather armour (worn)
 w - the +0 buckler "Tiqe" {*Corrode rElec Str+4}
   (You found it on level 3 of the Dungeon)

   Str:       It affects your strength (+4).
   rElec:     It insulates you from electricity.
   *Corrode:  It may corrode you when you take damage.
Jewellery
 h - a ring of protection from fire (left hand)
 x - a ring of poison resistance
Scrolls
 d - a scroll of magic mapping {unknown}
 e - 2 scrolls of identify {unknown}
 f - a scroll of teleportation {unknown}
 j - a scroll of immolation {unknown}
 l - a scroll of enchant armour {unknown}
 m - a scroll of butterflies {unknown}
 n - a scroll of enchant weapon {unknown}
 t - a scroll of poison {unknown}
 u - a scroll of fear {unknown}
Potions
 c - 2 potions of ambrosia
 g - 2 potions of might {unknown}
 i - 2 potions of brilliance {unknown}
 k - 2 potions of attraction {unknown}
 o - a potion of flight {unknown}
 p - a potion of lignification {unknown}
 q - 2 potions of mutation {unknown}
 r - a potion of curing {unknown}
 z - a potion of heal wounds {unknown}


   Skills:
 + Level 4.1 Fighting
 + Level 4.2 Axes
 + Level 1.8 Armour
 + Level 3.8 Dodging
 + Level 2.2 Stealth


You had 3 spell levels left.
You didn't know any spells.
Your spell library was empty.

Dungeon Overview and Level Annotations

Branches:
Dungeon (4/15)
 Temple: D:4-7

Altars:
Ru

Shops:
D:1 (


Innate Abilities, Weirdness & Mutations

You have a pair of horns on your head.
You reflexively headbutt those who attack you in melee.


Message History

The quokka bites you.
You barely miss the quokka.
The quokka is lightly wounded.
The quokka closely misses you.
You hit the quokka but do no damage. You headbutt the quokka.
You kill the quokka!
No target in view!
No target in view!
No target in view!
An ogre comes into view. It is wielding a +0 giant club.
An ogre is nearby!
The ogre shouts!
Found a stone staircase leading up.
The ogre misses you.
You hit the ogre but do no damage. You headbutt the ogre!
The ogre is heavily wounded.
The ogre hits you with a +0 giant club!!
Ouch! That really hurt!
You are too injured to fight recklessly!
You are too injured to fight recklessly!
You are too injured to fight recklessly!
You are too injured to fight recklessly!
You are too injured to fight recklessly!
You are too injured to fight recklessly!
You are too injured to fight recklessly!
You are too injured to fight recklessly!
You are too injured to fight recklessly!
You are too injured to fight recklessly!
You are too injured to fight recklessly!
You are too injured to fight recklessly!
You are too injured to fight recklessly!
You are too injured to fight recklessly!
You are too injured to fight recklessly!
You are too injured to fight recklessly!
You hit the ogre. Your headbutt misses the ogre.
The ogre is heavily wounded.
You slash the ogre!
The ogre is severely wounded.
The ogre hits you with a +0 giant club!!
Ouch! That really hurt!
You die...

###### #....#
#....# #....#
#...<# #....#
#....###
#..†...######
#....#....@O#
#..#########...#
#.# ...# #. ...#
# ..<# ...# ..##
#.#


You could see an ogre.

Vanquished Creatures
  2 adders
  2 worms (D:2)
  A dart slug (D:2)
  5 ball pythons
  3 bats
  3 endoplasms
  7 goblins
  6 hobgoblins
  4 kobolds
  3 quokkas
  A frilled lizard (D:3)
  5 rats
42 creatures vanquished.

Notes
Turn   | Place    | Note
-------+----------+-------------------------------------------
     0 | D:1      | Anon1729 the Minotaur Monk began the quest for the Orb.
     0 | D:1      | Reached XP level 1. HP: 19/19 MP: 0/0
   132 | D:1      | Reached XP level 2. HP: 27/27 MP: 1/1
   171 | D:1      | Found Okeiset's Antique Weapon Boutique.
   290 | D:1      | Reached skill level 1 in Armour
   655 | D:2      | Reached XP level 3. HP: 33/33 MP: 2/2
  1083 | D:3      | Identified the +0 buckler "Tiqe" {*Corrode rElec Str+4}
  1299 | D:3      | Found a sacrificial altar of Ru.
  1431 | D:3      | Reached XP level 4. HP: 24/40 MP: 3/3
  1721 | D:4      | Noticed an ogre
  1729 | D:4      | Demolished by an ogre

Illustrated notes

Levels and vault maps discovered:
D:1:      minmay_arrival_hallway, layout_rooms, serial_shops, shop_statue
D:2:      layout_rooms
D:3:      layout_basic, mainiacjoe_overflow_paths
D:4:      layout_rooms

Skill      XL: |  1  2  3 |
---------------+----------+-----
Armour         | 1 |  1.8
Fighting       | 4 |  4.1
Stealth        | 2 |  2.2
Axes           | 4 |  4.2
Dodging        | |  3.8

Action                     |  1- 3 |  4- 6 || total
---------------------------+-------+-------++-------
  Melee: Hand axe          |    95 |    13 ||   108
         Headbutt          |    16 |     3 ||    19
         Punch             |     1 |       ||     1
   Stab: Sleeping          |     2 |     1 ||     3
 Armour: Robe              |    12 |       ||    12
         Leather armour    |     6 |     1 ||     7
  Dodge: Dodged            |    53 |     5 ||    58

Table legend: (Time is in decaauts)
 A = Elapsed time spent in this place.
 B = Non-inter-level travel time spent in this place.
 C = Inter-level travel time spent in this place.
 D = Time resting spent in this place.
 E = Time spent auto-exploring this place.
 F = Levels seen in this place.
 G = Mean time per level.
                   A        B        C        D        E       F      G
               +--------+--------+--------+--------+--------+-----+--------+
         Total |   1739 |   1682 |     57 |     79 |   1242 |   4 |  434.8 |
       Dungeon |   1739 |   1682 |     57 |     79 |   1242 |   4 |  434.8 |
               +--------+--------+--------+--------+--------+-----+--------+

Top non-repeatable levels by time:
     D:3: 669 daAuts
     D:1: 556 daAuts
     D:2: 496 daAuts
     D:4: 17 daAuts
